AoeStats
← paco.cheung

Hideout

510045012Analyzed
1v1 RM · 4d ago on Sep 29, 2026· 28m 24s· 2 players
Game mode
Random Map
Map size
Tiny (2 player)
Population
200
Speed
Normal
Resources
Standard
Victory
Conquest
Starting age
Dark Age
Ending age
Imperial Age
RankedLock teamsTeams togetherTeam positionsShared explorationLock speedFull tech treeHidden civsTurbo modeCheats
Victory
Defeat
🇦🇷 Khmer · Argentina
776
+24
🇭🇰 Byzantines · Hong Kong SAR China
786
-16
TiGeR
0:31 Loom
15:46 Feudal Age
20:28 Castle Age
19:07 Wheelbarrow
18:39 Horse Collar
18:48 Double-Bit Axe
19:10 Gold Mining
20:36 Forging
20:32 Scale Barding Armor
21:18 Bloodlines
22:40 Husbandry
25:21 Heavy Plow
28:15 Iron Casting
28:42 Chain Barding Armor
paco.cheung
11:28 Feudal Age
16:24 Castle Age
14:47 Double-Bit Axe
15:00 Horse Collar
15:32 Gold Mining
16:14 Forging
16:35 Gold Mining
18:39 Husbandry
19:06 Husbandry
21:20 Loom
22:28 Wheelbarrow
28:46 Hand Cart
Connection lost

Rejoining the realm…

Still unreachable

The connection could not be restored.

Session expired

The server has moved on; the page needs a fresh start.